Unix NetHack Version 3.7.0-86 Work-in-progress - last build May 30 2023 01:50:43 (cc98dc9aa62a9957b082a042edf5bd7ec9f632c7,branch:master). Game began 2023-07-01 21:49:40, ended 2023-07-02 22:11:19. theworstmau, neutral male human Wizard --- |.------------------------------ |.......|-............ .......|------- -- |...--..|....#.....--------....|......|-.| --- ----|...|-....{........|..|!%.|....-...._.|..| --.-- |..-....|..#.....--.-..|..|%!%-....|......|..| --- |...|---------...|...|........|..|..|..|----....--------..| ..------ .-- |..- |...<(.....-..----...--+-|..|..-|-|..................---.....|......| |.-- |.............|..|...|...|-|-.....---|-------------................- |.| |-..)...--.----..+...|(](|.)....@....a@| |...|...|................-- |.| |.......|# ----.-...|!((|+------..{f..| |...-...|...................-- |.| |-.......- #(..%.)...|---| |.(.|......--+-...|...|....................| |.| |........--.|...[......... |..@-......(......-----...................-- --.----...........|.-----..|...|--|...|.|--|---|-..........................-- |........%..........|...|..|.).|..-----..|[.(|..|-|---|--...................| |[..------........|.|...-..--|--*........|@![|..|... .. |..--->.....|.......| ----- ----...-||.| |......(.......(.|+*)|..|...|...|..| -...---- .--.-- --...||.| |....)...........|--------------|.-- .-- -- -- |..----- ------------------ --- .| ---- | Theworstmau the Thaumaturge St:11 Dx:17 Co:17 In:18 Wi:9 Ch:8 Neutral Dlvl:5 $:5129 HP:0(59) Pw:39(64) AC:6 Xp:7/900 T:6214 Stressed Latest messages: The door opens. Please move the cursor to an unknown object. (For instructions type a '?') In what direction? The door closes. The door opens. "Hello, theworstmau! Welcome again to Holmavik's general store!" # What do you want to dip? Dip an empty uncursed bag into the fountain? [yn] (n) The water slides right off your bag. What do you want to use or apply? # What do you want to tip? Objects tumble into the oilskin sack. You rebalance your load. Movement is difficult. You see no objects here. # What do you want to dip? Dip an empty uncursed bag called holding into the fountain? [yn] (n) Some water gets into your bag called holding! In what direction? The spell hits the soldier ant! Miner misses the soldier ant. In what direction? The spell misses the soldier ant. The soldier ant bites! The soldier ant stings! Miner misses the soldier ant. The soldier ant bites! The soldier ant misses! The soldier ant bites! The soldier ant stings! Miner misses the soldier ant. Miner misses the soldier ant. What do you want to write with? You write in the dust with your fingertip. The soldier ant bites! The soldier ant stings! Miner bites the soldier ant. The soldier ant misses Miner. The soldier ant misses Miner. The soldier ant bites! The soldier ant stings! Miner bites the soldier ant. The soldier ant bites! You die... Holmavik looks at your corpse and sighs. Htargcm looks at your corpse and sighs. Do you want to see the dungeon overview? [ynq] (y) Inventory: Coins $ - 5129 gold pieces Weapons d - a blessed +3 dagger (weapon in hand) X - 17 +0 daggers Z - a +0 elven dagger i - a +0 orcish dagger Armor D - an uncursed +0 orcish helm named !c (being worn) j - an uncursed +0 pair of iron shoes named !c (being worn) H - an uncursed +0 alchemy smock with text "I am an alchemist; if you see me running, try to catch up..." named !c p - a blessed +0 cloak of magic resistance (being worn) Comestibles s - a cursed banana J - an uncursed cram ration q - an uncursed food ration L - 3 uncursed food rations W - 5 cursed food rations C - an uncursed pancake v - a cursed pear g - an uncursed egg Scrolls K - a cursed scroll of confuse monster R - a blessed scroll of magic mapping Potions h - an uncursed potion of extra healing O - an uncursed potion of extra healing u - a cursed potion of hallucination N - a cursed potion of healing f - an uncursed potion of invisibility Rings e - an uncursed ring of conflict Wands c - a wand of light (0:14) T - a wand of light (0:13) B - a wand of striking (0:4) Tools b - an empty uncursed bag of holding r - an uncursed oilskin sack containing 21 items M - an uncursed bugle k - an uncursed lock pick a - 7 cursed partly used tallow candles Q - a cursed tin opener w - an uncursed tin whistle y - a cursed tinning kit (0:78) U - a cursed tinning kit (0:59) G - an uncursed towel Gems/Stones n - a cursed agate stone Contents of the oilskin sack: an uncursed candy bar labeled "Fruity Oaty" an uncursed cram ration 2 uncursed food rations an uncursed pancake an uncursed pear an uncursed tin of hobbit meat an uncursed scroll of enchant armor 2 uncursed scrolls of identify a blessed scroll of light an uncursed spellbook of invisibility named r1 an uncursed potion of extra healing an uncursed potion of water an uncursed ring of polymorph an uncursed ring of searching an uncursed tallow candle an uncursed amber stone 2 uncursed opals an uncursed worthless piece of black glass 2 uncursed worthless pieces of blue glass 2 uncursed worthless pieces of violet glass 3 uncursed worthless pieces of white glass Theworstmau the Wizard's attributes: Background: You were a Thaumaturge, a level 7 male human Wizard. You were neutral, on a mission for Thoth who was opposed by Ptah (lawful) and Anhur (chaotic). You were in the Gnomish Mines, on level 5. You entered the dungeon 6214 turns ago. It was nighttime. There was a full moon in effect when your adventure ended. You had 900 experience points, 380 more were needed to attain level 8. Basics: You had 0 out of 59 hit points. You had 39 out of 64 energy points (spell power). Your armor class was 6. Your wallet contained 5129 zorkmids. Autopickup was on for '$"?!=/' plus thrown, with exceptions. Final Characteristics: Your strength was 11 (limit:18/100). Your dexterity was 17 (peak:18, limit:18). Your constitution was 17 (limit:18). Your intelligence was 18 (limit:18). Your wisdom was 9 (limit:18). Your charisma was 8 (limit:18). Final Status: You were not hungry. You were stressed; movement was moderately slowed. You were wielding a dagger. You had basic skill with dagger. Final Attributes: You were piously aligned. You were magic-protected. You were poison resistant. You were warded. You were lucky. You are dead. Miscellaneous: You encountered 2 bones levels. Total elapsed playing time was 1 hour, 31 minutes and 16 seconds. Major events: Turn 1: theworstmau the neutral male human Wizard entered the dungeon 709: entered the Gnomish Mines 712: attained the rank of Conjurer (level 3) 3138: destroyed nurdglaw's ghost, the former Skirmisher 3284: attained the rank of Thaumaturge (level 6) 5314: reached Mine Town 5830: destroyed killer's ghost, the former Digger 6214: killed by a soldier ant Vanquished creatures: 3 ghosts a small mimic a quivering blob a blue jelly an ape a bugbear 2 imps a wood nymph 2 Uruk-hai a pony 3 yellow lights 6 gnome leaders 2 elf zombies a giant ant 2 floating eyes a kitten 4 dwarves 2 homunculi a kobold leader a kobold shaman 2 rothes a centipede 2 giant bats a monkey 2 orc zombies a wererat a werejackal an iguana an acid blob a gas spore 2 hobbits a manes a hobgoblin 8 giant rats 4 cave spiders 22 gnomes a garter snake a gnome zombie 5 geckos 8 jackals 2 foxes a kobold 5 goblins 3 sewer rats 6 grid bugs a bat 4 lichens 6 kobold zombies 4 newts 135 creatures vanquished. No species were genocided or became extinct. Voluntary challenges: You read items or engraved 6 times. You engraved Elbereth 4 times. You never genocided any monsters. You never polymorphed an object. You never changed form. You used no wishes. Achievements: You entered the Gnomish Mines. You attained the rank of Conjurer. You entered a shop. You attained the rank of Thaumaturge. You entered Minetown. You entered a temple. The Dungeons of Doom: levels 1 to 6 Level 1: Level 2: Some fountains, a sink. Stairs down to The Gnomish Mines. Level 3: An armor shop. Level 4: A fountain. Level 5: "vault" Level 6: Final resting place for nurdglaw-Val-Hum-Fem-Law, killed by a giant ant. The Gnomish Mines: levels 3 to 5 Level 3: "stash" Level 4: Level 5: <- You were here. Many shops, a temple to Thoth, some fountains, some graves, some trees. Final resting place for you, killed by a soldier ant, killer-Arc-Hum-Mal-Neu, killed by a wererat, killer-Arc-Hum-Mal-Law, killed by a watchman. Game over: ---------- / \ / REST \ / IN \ / PEACE \ / \ | theworstmau | | 5129 Au | | killed by a | | soldier ant | | | | | | 2023 | *| * * * | * _________)/\\_//(\/(/\)/\//\/|_)_______ Goodbye theworstmau the Wizard... You died in The Gnomish Mines on dungeon level 5 with 8467 points, and 5129 pieces of gold, after 6214 moves. You were level 7 with a maximum of 59 hit points when you died.